Construct Section Command Post
Construct Field Infirmary
Selects Heavy Armor Battlegroup
Selects Engineer Detachments
Construct Platoon Command Post
6-pounder Anti-tank Gun Team
6-pounder Anti-tank Gun Team
Construct Company Command Post
Selects Crusader AA Medium Tank
Selects UNKNOWN (2162094)
Selects Light Vehicle Withdraw and Refit
Selects Forward Repair Assembly
Unlock Towed 17-pounder Anti-tank Guns
17-pounder Anti-tank Gun Team